 Dungeon Crawl Stone Soup version 0.32-a0-872-g59262bdc9b (webtiles) character file.

Game seed: 14318687148153349550

1755257 ragingrage the Shapeless Merfolk (level 26, 458/559 (572) HPs)
             Began as a Merfolk Warper on Mar 29, 2024.
             Was the Champion of Ru.
             Escaped with the Orb
             ... and 3 runes on Mar 30, 2024!
             The game lasted 01:52:30 (60764 turns).

ragingrage the Shapeless Merfolk (Merfolk Warper)  Turns: 60764, Time: 01:52:31

HP:   458/559 (572) AC: 47    Str: 13    XL:     26   Next: 92%
MP:   30/32         EV: 28    Int: 16    God:    Ru [******]
Gold: 2732          SH: 21    Dex: 23    Spells: 10/28 levels left

rFire   + . .        a - +9 demon blade (drain)
rCold   . . .        B - +5 kite shield {rC+ rF+}
rNeg    + . .        W - melded +3 ring mail of Ehitiusch {Will++}
rPois   ∞            i - +2 hat of the Bear Spirit {Spirit, Bear, *Rage Will++}
rElec   +            u - +2 cloak {Will+}
rCorr   .            J - melded +2 pair of gloves
SInv    .            v - melded +0 pair of boots
Will    +++++        o - amulet of Vitality {Regen++ RegenMP++} Stlth
                     M - ring "Echetiu" {^Drain +Blink MP+9 Str+6 Slay+5}
HPRegen 2.73/turn    b - ring "Mannis" {rElec rF+ Will+ AC+4 Str-3}
MPRegen 1.03/turn

%: random rage (23%), guardian spirit
@: berserking, statue-form, studying Invocations, lightly drained
A: slow and powerful, torment resistance 1, boosted hp, hated by all, inability
to train armour, unskilled 1, temperature sensitive, (nimble swimmer 2),
mertail, (iridescent scales 1), berserk 1, clever 1, low MP 1, passive freeze,
weak 1
0: Orb of Zot
}: 3/15 runes: serpentine, barnacled, silver
a: Begin Untransformation, Renounce Religion, Evoke Blink, Draw Out Power, Power
Leap, Apocalypse


You escaped.
You worshipped Ru.
Ru was exalted by your worship.
You were a living statue of rough stone.
You visited 10 branches of the dungeon, and saw 48 of its levels.
You visited the Abyss 1 time.
You also visited: Ice Cave.

You collected 7871 gold pieces.
You spent 5139 gold pieces at shops.

Inventory:

Hand Weapons
 a - a +9 demon blade of draining (weapon)
Missiles
 d - 5 darts of dispersal (quivered)
 m - 5 curare-tipped darts
 q - 8 throwing nets
 w - 20 javelins
Armour
 i - the +2 hat of the Bear Spirit (worn) {Spirit, Bear, *Rage Will++}
   (You found it on level 3 of the Elven Halls)

   Bear:      Going berserk makes the wearer exceptionally tough, and they are
   slowed for a shorter time afterward.
   Will++:    It greatly increases your willpower.
   *Rage:     It berserks you when you make melee attacks (+20% chance).
 u - a +2 cloak of willpower (worn)
 v - a +0 pair of boots (melded)
 B - a +5 kite shield of resistance (worn)
 J - a +2 pair of gloves (melded)
 W - the +3 ring mail of Ehitiusch (melded) {Will++}
   (You bought it in a shop on level 5 of the Dungeon)

   Will++:    It greatly increases your willpower.
Jewellery
 b - the ring "Mannis" (right fist) {rElec rF+ Will+ AC+4 Str-3}
   (You took it off a deep elf high priest on level 3 of the Elven Halls)

   [ring of protection]

   AC+4:      It affects your AC (+4).
   Str-3:     It affects your strength (-3).
   rF+:       It protects you from fire.
   rElec:     It insulates you from electricity.
   Will+:     It increases your willpower.
 o - the amulet of Vitality (around neck) {Regen++ RegenMP++}
   (You bought it in a shop on level 1 of the Vaults)

   [amulet of nothing]

   Regen++:   It increases your rate of health regeneration.
   RegenMP++: It increases your rate of magic regeneration.
 s - the ring "Pefuxaxa" {rF+ rCorr Str+3 Dex-3 SInv}
   (You found it on level 12 of the Dungeon)

   [ring of see invisible]

   Str+3:     It affects your strength (+3).
   Dex-3:     It affects your dexterity (-3).
   rF+:       It protects you from fire.
   SInv:      It lets you see invisible.
   rCorr:     It protects you from acid and corrosion.
 D - the ring "Fiwe" {rElec Will+ EV+5 Dex-3 Slay+3}
   (You found it on level 1 of the Elven Halls)

   [ring of evasion]

   EV+5:      It affects your evasion (+5).
   Dex-3:     It affects your dexterity (-3).
   Slay+3:    It affects your accuracy & damage with ranged weapons and melee
   (+3).
   rElec:     It insulates you from electricity.
   Will+:     It increases your willpower.
 L - the ring "Jeehab" {rN+ Dex+6}
   (You took it off a deep elf annihilator on level 3 of the Elven Halls)

   [ring of dexterity]

   Dex+6:     It affects your dexterity (+6).
   rN+:       It protects you from negative energy.
 M - the ring "Echetiu" (left fist) {^Drain +Blink MP+9 Str+6 Slay+5}
   (You bought it in a shop on level 5 of the Dungeon)

   [ring of strength]

   Str+6:     It affects your strength (+6).
   Slay+5:    It affects your accuracy & damage with ranged weapons and melee
   (+5).
   MP+9:      It affects your magic capacity (+9).
   +Blink:    It lets you blink.
   ^Drain:    It drains your maximum health when unequipped.
 Q - the ring of Yredelemnul's Outrage {Ice +Blink Str+4 Dex+4 Stlth+}
   (You took it off Josephina on level 2 of the Depths)

   [ring of ice]

   Ice:       It enhances your ice magic.
   Str+4:     It affects your strength (+4).
   Dex+4:     It affects your dexterity (+4).
   rF-:       It makes you vulnerable to fire.
   rC+:       It protects you from cold.
   +Blink:    It lets you blink.
   Stlth+:    It makes you more stealthy.
Wands
 e - a wand of digging (11)
 k - a wand of mindburst (39)
 r - a wand of quicksilver (33)
 y - a wand of roots (24)
Scrolls
 c - 8 scrolls of blinking
 f - 6 scrolls of fear
 j - 24 scrolls of teleportation
 n - 7 scrolls of enchant weapon
 z - a scroll of silence
 A - 11 scrolls of fog
 F - 2 scrolls of revelation
 G - 3 scrolls of vulnerability
 R - 5 scrolls of poison
 S - 7 scrolls of noise
 T - 8 scrolls of immolation
 V - 2 scrolls of torment
 Z - a scroll of brand weapon
Potions
 h - 5 potions of resistance
 l - 6 potions of might
 p - 4 potions of lignification
 t - 32 potions of curing
 x - 5 potions of invisibility
 C - 11 potions of haste
 E - 6 potions of attraction
 H - 4 potions of cancellation
 I - 6 potions of magic
 K - 11 potions of enlightenment
 N - 3 potions of berserk rage
 O - 5 potions of heal wounds
 P - 2 potions of mutation
 U - 4 potions of ambrosia
Miscellaneous
 g - a Gell's gravitambourine (2/2)
 X - a condenser vane
 Y - a lightning rod (4/4)


   Skills:
 + Level 20.9 Fighting
 - Level 14.0 Long Blades
 - Level 2.2 Maces & Flails
 - Level 13.0 Polearms
 - Level 4.0 Throwing
 + Level 21.0 Dodging
 + Level 9.8 Stealth
 + Level 17.8 Shields
 - Level 1.7 Spellcasting
 - Level 6.0 Necromancy
 - Level 5.0 Translocations
 - Level 14.0 Evocations
 O Level 27 Shapeshifting


You had 10 spell levels left.
You knew the following spells:

 Your Spells              Type           Power      Damage    Failure   Level
a - Fugue of the Fallen   Necr           20%        N/A       9%          3
b - Blink                 Tloc           34%        N/A       7%          2
c - Maxwell's Portable P  Tloc           17%        2d(8-15)  41%         4
d - Vhi's Electric Charg  Tloc/Air       18%        N/A       77%         4
e - Irradiate             Conj/Alch      0%         3d11      100%        5

Your spell library contained the following spells:

 Spells                   Type           Power      Damage    Failure   Level
 Necrotise                Necr           80%        1d8       3%          1
 Apportation              Tloc           34%        N/A       4%          1
 Lesser Beckoning         Tloc           34%        N/A       7%          2
 Vampiric Draining        Necr           20%        2d7       9%          3
 Kiss of Death            Conj/Necr      44%        2d8       10%         1
 Teleport Other           Tloc           17%        N/A       13%         3
 Cigotuvi's Dreadful Rot  Necr/Alch/Air  14%        N/A       22%         2
 Dispel Undead            Necr           20%        3d11      28%         4
 Magic Dart               Conj           4%         1d3       34%         1
 Sandblast                Erth           2%         2d4       34%         1
 Slow                     Hex            4%         N/A       34%         1
 Sting                    Conj/Alch      4%         1d3       34%         1
 Volatile Blastmotes      Fire/Tloc      18%        2d11      36%         3
 Passage of Golubria      Tloc           17%        N/A       41%         4
 Ensorcelled Hibernation  Hex/Ice        2%         N/A       45%         2
 Mercury Vapours          Alch/Air       2%         N/A       45%         2
 Searing Ray              Conj           2%         2d4       45%         2
 Curse of Agony           Necr           20%        N/A       63%         5
 Anguish                  Hex/Necr       5%         N/A       69%         4
 Confusing Touch          Hex            1%         N/A       71%         3
 Frozen Ramparts          Ice            2%         1d1       71%         3
 Hailstorm                Conj/Ice       1%         3d5       71%         3
 Inner Flame              Hex/Fire       1%         N/A       71%         3
 Ozocubu's Armour         Ice            1%         N/A       71%         3
 Stone Arrow              Conj/Erth      2%         3d7       71%         3
 Iskenderun's Mystic Bla Conj/Tloc 9%             2d4        (+2d1     77%         4
 Borgnjor's Vile Clutch   Necr/Erth      5%         N/A       95%         5
 Cause Fear               Hex            0%         N/A       98%         4
 Fulminant Prism          Conj/Alch      0%         3d5       98%         4
 Ignite Poison            Fire/Alch      1%         N/A       98%         4
 Olgreb's Toxic Radiance  Alch           1%         N/A       98%         4
 Petrify                  Alch/Erth      1%         N/A       98%         4
 Alistair's Intoxication  Alch           0%         N/A       100%        5
 Arcjolt                  Conj/Air       0%         1d10      100%        5
 Freezing Cloud           Conj/Ice/Air   0%         6-21      100%        5
 Iskenderun's Battlesphe  Conj           1%         2d6       100%        5
 Metabolic Englaciation   Hex/Ice        0%         N/A       100%        5
 Yara's Violent Unravell  Hex/Alch       0%         3d3       100%        5
 Bombard                  Conj/Erth      0%         9d1       100%        6
 Conjure Ball Lightning   Conj/Air       0%         3x3d6     100%        6
 Dispersal                Tloc           8%         N/A       100%        6
 Eringya's Noxious Bog    Alch           0%         4d6       100%        6
 Gell's Gavotte           Tloc           8%         2d(15-22) 100%        6
 Permafrost Eruption      Ice/Erth       0%         2x4d1     100%        6
 Plasma Beam              Fire/Air       0%         2x1d10    100%        6
 Starburst                Conj/Fire      0%         6d3       100%        6
 Enfeeble                 Hex            0%         N/A       100%        7
 Manifold Assault         Tloc           8%         N/A       100%        7
 Borgnjor's Revivificati  Necr           10%        N/A       100%        8
 Discord                  Hex            0%         N/A       100%        8
 Disjunction              Tloc           8%         N/A       100%        8
 Ignition                 Fire           0%         3d3       100%        8
 Lehudib's Crystal Spear  Conj/Erth      0%         10d2      100%        8
 Maxwell's Capacitive Co  Air            0%         ∞         100%        8
 Death's Door             Necr           10%        N/A       100%        9
 Sublimation of Blood     Necr           Unusable   N/A       N/A         2
 Animate Dead             Necr           Unusable   N/A       N/A         4
 Summon Small Mammal      Summ           Unusable   N/A       N/A         1
 Call Imp                 Summ           Unusable   N/A       N/A         2
 Martyr's Knell           Necr/Summ      Unusable   N/A       N/A         4
 Summon Ice Beast         Ice/Summ       Unusable   N/A       N/A         3
 Tukima's Dance           Hex            Unusable   N/A       N/A         3
 Animate Armour           Summ/Erth      Unusable   N/A       N/A         4
 Sculpt Simulacrum        Ice/Alch       Unusable   N/A       N/A         6
 Haunt                    Necr/Summ      Unusable   N/A       N/A         7
 Spellforged Servitor     Conj/Summ      Unusable   N/A       N/A         7

Dungeon Overview and Level Annotations

Branches:
Dungeon (15/15)            Temple (0/1) D:7            Lair (5/5) D:8
 Shoals (4/4) Lair:3        Snake (4/4) Lair:3        Slime (0/5) Lair:4
    Orc (2/2) D:11            Elf (3/3) Orc:2        Vaults (5/5) D:14
  Crypt (1/3) Vaults:2     Depths (4/4) D:15            Zot (5/5) Depths:4
  IceCv (visited)

Altars:
Elyvilon
Gozag
Makhleb
Okawaru
Qazlal
Ru
Uskayaw
Zin
The Shining One

Shops:
D:5 =[[[[   D:12 :   D:13 *   Orc:2 *=*:   Vaults:1 =   Vaults:2 ?((
Vaults:4 *

Portals:
Hell: Depths:1 Depths:2 Depths:4
Abyss: Depths:2 Depths:3
Pandemonium: Depths:2
Ziggurat: Depths:2

Annotations:
D:4 1 runed translucent door, Crazy Yiuf
Elf:1 1 exclusion
Depths:3 exclusion: hell hog


Innate Abilities, Weirdness & Mutations

You are a living statue of rough stone.
Your actions are slow, but your melee attacks are powerful.
You are resistant to unholy torment.
Your maximum health is greatly increased.
Your equipment is partially melded.
You are immune to poison.
You are hated by all.
You cannot train Armour skill.
You are somewhat unskilled. (-1 Apt)
You are sensitive to extremes of temperature. (rF-, rC-)
((You are very nimble when in or above water. (Stealth+, EV+, Speed+++)))
Your lower body shifts to a powerful aquatic tail in water.
((You are partially covered in iridescent scales. (AC +2)))
You sometimes lose your temper in combat.
Your mind is acute. (Int +4, Str/Dex -1)
Your magical capacity is low. (-10% MP)
A frigid envelope surrounds you and freezes all who hurt you.
You are weak. (Str -2)


Message History

You hit the large abomination but do no damage.
You block the large abomination's attack. x2
You hit the large abomination but do no damage.
The large abomination completely misses you.
You cut the large abomination into ribbons!!!
You destroy the large abomination!
You start waiting.
You feel yourself speed up.
There is a staircase leading out of the dungeon here.
You start waiting.
You recover from your berserk rage.
You start waiting.
A hell beast comes into view.
A hell beast is nearby!
You slice the hell beast like a ripe choko!!!
You redirect the hell beast's attack!
The hell beast bites itself!!
The hell beast closely misses itself.
You block the hell beast's attack. The hell beast misses you.
You closely miss the hell beast.
You redirect the hell beast's attack!
The hell beast bites itself but does no damage.
The hell beast tramples itself.
You carve the hell beast like a ham!!!
You kill the hell beast!
You start waiting.
A Brimstone Fiend comes into view.
The Brimstone Fiend calls on the powers of darkness!
Your body is wracked with pain!
You focus your inner power and drain the Brimstone Fiend's magic in retribution!
A red film seems to cover your vision as you go berserk!
You feel yourself moving faster!
You feel mighty!
You slice the Brimstone Fiend!!
The Brimstone Fiend completely misses you.
You block the Brimstone Fiend's attack. The Brimstone Fiend barely misses you.
The Brimstone Fiend falters for a moment.
A chaos spawn comes into view.
You feel a strong urge to attack something.
The Brimstone Fiend falters for a moment.
There is a staircase leading out of the dungeon here.
You have escaped!

♣♣♣ ♣♣♣.♣♣♣♣♣
♣♣♣..)....♣♣♣
♣♣♣♣♣..ß4I.ß....♣♣
♣................♣♣
♣♣......1..........♣♣
♣.......ß...ß.......♣
#### #
♣#####.........#####♣
#... #
##.÷.....##########.##
#
####ß...ß###.....##....
#### #..##'''##
#........... ...##
#..#.....# #...........


You could see a Brimstone Fiend (magic disrupted) and a chaos spawn.

Vanquished Creatures
  4 dread liches
  4 orbs of fire
  Mennas (Vaults:2)
  An ancient lich (Zot:5)
  Mara (Depths:2)
  Josephina (Depths:2)
  Boris (twice) (Vaults:1 Vaults:3)
  2 Killer Klowns (Zot:5)
  Saint Roka (Elf:3)
  Margery (Vaults:5)
  2 curse toes (Zot:4)
  Vashnia (Snake:1)
  5 caustic shrikes (Depths:4)
  8 golden dragons
  Norris (Vaults:4)
  Rupert (Snake:1)
  A hellephant (Vaults:5)
  4 electric golems
  11 tentacled monstrosities
  A walking earthen tome (Depths:1)
  25 Orb Guardians
  5 liches
  A Hell Sentinel (D:1)
  A walking frostbound tome (Depths:2)
  6 titans
  4 quicksilver dragons
  2 deep elf blademasters
  5 sphinxes
  8 death cobs
  2 krakens (Shoals:3)
  Roxanne (D:14)
  8 tengu reavers
  4 shadow dragons
  13 storm dragons
  5 protean progenitors
  Aizul (Snake:3)
  7 draconian knights
  8 frost giants
  10 draconian shifters
  6 nagarajas
  13 fire giants
  Ilsuiw (Shoals:3)
  A nargun (Depths:2)
  2 draconian scorchers (Zot:3)
  3 balrugs
  11 deep elf sorcerers
  24 vault wardens
  Louise (Elf:1)
  2 deep elf elementalists (Elf:3)
  A demonspawn corrupter (Zot:4)
  2 cacodemons (Zot:4)
  2 orc warlords
  2 ghost moths (Zot:5)
  2 draconian stormcallers
  A spectral juggernaut (Depths:3)
  3 ghouls
  A curse skull (Crypt:1)
  3 reapers
  4 draconian annihilators
  18 very ugly things
  3 demonspawn blood saints
  21 ironbound preservers
  5 ironbound thunderhulks
  8 stone giants
  8 deep elf demonologists
  2 formless jellyfish
  2 broodmothers (Zot:1)
  9 green draconians
  3 vampire knights
  8 black draconians
  13 white draconians
  A lorocyproca (D:1)
  5 deep elf death magi
  7 red draconians
  4 spark wasps (Depths:1)
  11 dire elephants
  7 deep elf annihilators
  6 purple draconians
  6 war gargoyles
  4 yellow draconians
  3 blizzard demons
  9 ettins
  A green death (Zot:4)
  4 fire dragons
  5 jiangshi
  7 merfolk javelineers
  4 entropy weavers
  4 great orbs of eyes (Vaults:4)
  7 merfolk impalers
  11 yaktaur captains
  3 hell beasts
  Harold (D:11)
  13 ice dragons
  2 caustic shrike simulacra
  3 deep elf high priests (Elf:3)
  3 merfolk avatars
  38 vault guards
  2 spriggan air magi
  2 rakshasas (Depths:3)
  4 hydras
  11 ironbound frosthearts
  A juggernaut simulacrum (Depths:2)
  13 centaur warriors
  2 alligator snapping turtles
  Erica (D:11)
  3 ogre magi
  2 peacekeepers
  30 dancing weapons
  10 two-headed ogres
  4 boulder beetles
  A hell hog (Lair:5)
  15 naga warriors
  8 merfolk aquamancers
  13 anacondas
  5 tengu warriors
  4 deep troll earth magi
  2 deep troll shamans
  4 death yaks (Lair:4)
  A satyr (Shoals:3)
  A sphinx skeleton (D:15)
  3 spriggan berserkers
  3 vampire magi
  A shock serpent (shapeshifter) (Vaults:4)
  22 hell knights
  9 shock serpents
  2 occultists
  8 skysharks
  2 soul eaters
  7 sun demons
  12 naga sharpshooters
  15 deep elf knights
  3 sixfirhies
  9 skeletal warriors
  4 salamander mystics
  An iron troll (Depths:1)
  17 sea snakes
  2 glowing orange brains
  6 mana vipers
  51 deep trolls
  A flayed ghost (D:15)
  3 naga ritualists
  2 obsidian statues
  3 bog bodies
  10 deep elf archers
  2 glowing orange brains (shapeshifter)
  2 sun moths (Shoals:4)
  16 ironbound convokers
  8 spriggan simulacra (IceCv)
  2 obsidian bats
  5 lindwurms
  3 phantasmal warriors
  4 arcanists
  4 orange crystal statues
  6 necromancers
  12 orc knights
  4 thermic dynamos (Elf:1)
  Pikel (D:6)
  2 steelbarb worms (shapeshifter)
  30 deep elf pyromancers
  A lightning spire (Zot:4)
  30 harpies
  8 salamanders
  18 deep elf zephyrmancers
  17 fauns
  27 ugly things
  2 orc sorcerers (Orc:1)
  A shining eye (shapeshifter) (Vaults:5)
  5 cyclopes
  2 oklob plants
  Maurice (D:11)
  17 manticores
  11 guardian serpents
  15 moths of wrath
  8 merfolk sirens
  3 elephants
  10 water nymphs
  34 black mambas
  5 kobold blastminers (Orc:2)
  17 vault sentinels
  A stone giant skeleton (Vaults:1)
  A smoke demon (Depths:3)
  A torpor snail (Lair:5)
  A gargoyle (D:10)
  12 cane toads
  18 naga magi
  A large abomination (D:1)
  Jeremiah (D:7)
  A hellion (Zot:4)
  A torpor snail (shapeshifter) (Vaults:5)
  4 kobold demonologists
  An unseen horror (D:11)
  7 rime drakes
  A komodo dragon (shapeshifter) (D:14)
  26 yaktaurs
  An anaconda simulacrum (IceCv)
  2 efreet (D:14)
  10 ice devils
  4 tengu conjurers
  8 freezing wraiths
  13 komodo dragons
  Psyche (D:8)
  4 golden dragon simulacra
  A harpy zombie (Shoals:2)
  4 wind drakes
  A tengu simulacrum (Depths:2)
  10 polar bears
  7 trolls
  26 merfolk
  A hornet (D:9)
  2 raiju (shapeshifter)
  An ettin zombie (Vaults:1)
  Grinder (D:4)
  12 blink frogs
  A glass eye (Depths:4)
  6 raiju
  11 snapping turtles
  22 slime creatures
  10 dream sheep
  A frost giant simulacrum (Depths:2)
  A human simulacrum (Vaults:1)
  5 air elementals
  A spriggan zombie (D:15)
  A spriggan skeleton (D:15)
  3 shadows (D:12)
  A wyvern (Lair:5)
  2 vampires
  A ynoxinul (Zot:4)
  18 water elementals
  49 yaks
  2 wraiths
  A fire bat (shapeshifter) (Elf:1)
  2 fire elementals
  2 steam dragons (D:7)
  3 dire elephant simulacra (IceCv)
  9 vampire mosquitoes
  11 basilisks
  6 wargs
  3 redbacks (Vaults:4)
  8 minotaur simulacra (IceCv)
  27 nagas
  3 harpy simulacra (IceCv)
  An acid dragon (D:11)
  13 water moccasins
  15 hell hounds
  Duvessa (D:5)
  45 orc warriors
  6 ice beasts
  13 black bears
  16 ogres
  6 boggarts
  A human zombie (Vaults:1)
  An ettin simulacrum (Vaults:1)
  2 manticore zombies (Shoals:2)
  39 wolves
  9 centaurs
  A lemure (D:7)
  6 kobold brigands
  A phantom (D:5)
  Blork the orc (D:4)
  A hog skeleton (Crypt:1)
  4 earth elementals
  A scorpion (shapeshifter) (D:14)
  5 bullfrogs
  2 gnoll sergeants (D:11)
  5 scorpions
  8 deep troll simulacra (IceCv)
  15 wights
  Dowan (D:4)
  4 killer bees (D:8)
  5 electric eels
  11 howler monkeys
  2 bombardier beetles (D:4)
  2 jellies
  17 orc priests
  A gnoll bouda (D:9)
  2 sleepcaps
  3 iguanas
  27 orc wizards
  6 hell rats (Lair:1)
  Ijyb (D:3)
  14 gnolls
  6 adders
  A shadow imp (D:7)
  A white imp (D:7)
  A dart slug (D:3)
  A ribbon worm (shapeshifter) (Vaults:5)
  86 orcs
  8 ball pythons
  A bat zombie (Shoals:2)
  9 endoplasms
  4 giant cockroaches
  18 goblins
  6 hobgoblins
  18 kobolds
  3 quokkas
  5 bats
  2 frilled lizards
  6 rats
  An aspiring flesh (Zot:5)
  5 tentacles (Shoals:3)
2083 creatures vanquished.

Vanquished Creatures (collateral kills)
  A gnoll sergeant (D:8)
  3 gnolls (D:8)
4 creatures vanquished.

Vanquished Creatures (others)
  A dread lich (Zot:5)
  A Killer Klown (Zot:5)
  A golden dragon (Zot:2)
  An Orb Guardian (Zot:5)
  A draconian scorcher (Zot:5)
  A vault warden (Vaults:5)
  A war gargoyle (Vaults:2)
  A dire elephant (Vaults:1)
  A yellow draconian (Zot:1)
  An ettin (Vaults:4)
  A fire dragon (Zot:3)
  A yaktaur captain (Vaults:5)
  A vault guard (Vaults:5)
  A two-headed ogre (Vaults:4)
  A naga sharpshooter (Snake:4)
  An occultist (Depths:2)
  A hell knight (Vaults:4)
  A naga warrior (Snake:2)
  A deep elf knight (Elf:2)
  A skeletal warrior (D:15)
  A deep troll (Vaults:2)
  A snapping turtle (shapeshifter) (Elf:3)
  An orc knight (Vaults:4)
  A necromancer (Depths:4)
  2 moths of wrath
  2 black mambas (Snake:4)
  A naga mage (Snake:2)
  A yaktaur (Vaults:4)
  A tengu conjurer (D:14)
  A freezing wraith (Vaults:5)
  A merfolk (Shoals:3)
  A slime creature (D:14)
  2 yaks
  A wraith (Crypt:1)
  A steam dragon (D:8)
  A redback (Vaults:4)
  2 nagas
  A boggart (D:15)
  A wolf (Lair:2)
  A centaur (Orc:2)
  A deep troll simulacrum (IceCv)
  A howler monkey (D:11)
  An orc priest (Vaults:5)
  A white imp (D:8)
  2 orcs
  2 kobolds
  4 tentacles (Shoals:3)
56 creatures vanquished.

Grand Total: 2143 creatures vanquished

Notes
Turn   | Place    | Note
-------+----------+-------------------------------------------
     0 | D:1      | ragingrage the Merfolk Warper began the quest for the Orb.
     0 | D:1      | Reached XP level 1. HP: 16/16 MP: 3/3
   133 | D:2      | Reached skill level 1 in Stealth
   135 | D:2      | Reached XP level 2. HP: 17/22 MP: 5/5
   513 | D:2      | Reached XP level 3. HP: 27/27 MP: 6/6
  1323 | D:3      | Reached XP level 4. HP: 30/33 MP: 7/7
  1540 | D:3      | Reached skill level 5 in Long Blades
  1640 | D:3      | Learned a level 2 spell: Blink
  2136 | D:4      | Reached XP level 5. HP: 38/38 MP: 8/8
  2200 | D:5      | Entered Level 5 of the Dungeon
  2362 | D:4      | Noticed Grinder
  2383 | D:4      | Noticed an ogre
  2404 | D:4      | Killed an ogre
  2405 | D:4      | Reached XP level 6. HP: 30/44 MP: 9/9
  2479 | D:4      | Noticed Ijyb
  2605 | D:3      | Killed Ijyb
  3096 | D:4      | Paralysed by Grinder for 2 turns
  3109 | D:4      | Killed Grinder
  3110 | D:4      | Reached skill level 1 in Evocations
  3110 | D:4      | Reached XP level 7. HP: 27/52 MP: 10/10
  3281 | D:4      | Noticed Blork the orc
  3288 | D:4      | Killed Blork the orc
  3335 | D:4      | Reached skill level 5 in Dodging
  3362 | D:4      | Found a runed translucent door.
  3363 | D:4      | Noticed Crazy Yiuf
  3401 | D:4      | Found a sacrificial altar of Ru.
  3509 | D:4      | Became a worshipper of Ru the Awakened
  3923 | D:5      | Found Nefamew's Antique Armour Boutique.
  3931 | D:5      | Reached XP level 8. HP: 60/60 MP: 11/11
  3982 | D:5      | Noticed Duvessa
  3982 | D:5      | Noticed Dowan
  4124 | D:5      | Found Wama's Jewellery Shop.
  4161 | D:4      | Reached skill level 1 in Maces & Flails
  4277 | D:5      | Found a hide-covered altar of Uskayaw.
  4318 | D:5      | Reached skill level 5 in Fighting
  4416 | D:5      | Found Raoliqoss's Antique Armour Shoppe.
  4429 | D:5      | Found Iqaw's Antique Armour Emporium.
  4444 | D:5      | Killed Duvessa
  4455 | D:4      | Killed Dowan
  4868 | D:5      | Found Ykhlif's Armour Boutique.
  4920 | D:5      | Bought a +2 cloak of willpower for 236 gold pieces
  5044 | D:6      | You fall into a shaft and drop 3 floors!
  5236 | D:8      | Reached XP level 9. HP: 67/71 MP: 12/12
  5389 | D:8      | Gained mutation: You are somewhat unskilled. (-1 Apt) [Ru
                  | sacrifice]
  5389 | D:8      | Reduced skill Fighting to level 5
  5389 | D:8      | Reduced skill Dodging to level 5
  5389 | D:8      | Reduced skill Spellcasting to level 1
  5389 | D:8      | Reduced skill Evocations to level 1
  5389 | D:8      | Reached * piety under Ru
  5656 | D:7      | Noticed Jeremiah
  5858 | D:8      | Noticed a rime drake
  6344 | D:7      | Reached skill level 1 in Polearms
  6461 | D:7      | Killed Jeremiah
  6538 | D:7      | Found a staircase to the Ecumenical Temple.
  6561 | D:7      | Reached skill level 5 in Polearms
  6892 | D:7      | Reached XP level 10. HP: 55/78 MP: 12/12
  7608 | D:6      | Noticed Pikel
  7887 | D:6      | Killed Pikel
  8382 | D:6      | Gained mutation: You are hated by all. [Ru sacrifice]
  8382 | D:6      | Reached ** piety under Ru
  8382 | D:6      | Reached *** piety under Ru
  9162 | D:8      | Reached skill level 10 in Polearms
  9183 | D:8      | Found a staircase to the Lair.
  9191 | D:8      | Noticed Psyche
  9261 | D:8      | Killed Psyche
  9695 | D:10     | Entered Level 10 of the Dungeon
  9695 | D:10     | Noticed a kobold demonologist
  9698 | D:10     | Noticed an orange demon
  9704 | D:9      | Killed a kobold demonologist
  9942 | D:9      | Reached XP level 11. HP: 63/83 MP: 13/13
 10104 | D:9      | Noticed a two-headed ogre
 10115 | D:9      | Killed a two-headed ogre
 10240 | Lair:1   | Entered Level 1 of the Lair of Beasts
 10720 | D:10     | Found a stormy altar of Qazlal.
 10886 | D:10     | Gained mutation: You cannot train Armour skill. [Ru
                  | sacrifice]
 10886 | D:10     | Reached **** piety under Ru
 11505 | Lair:1   | Upgraded the game from 0.32-a0-871-ge202e49faa to
                  | 0.32-a0-872-g59262bdc9b
 11585 | Lair:1   | Reached skill level 10 in Dodging
 12021 | Lair:1   | Reached XP level 12. HP: 67/91 MP: 14/14
 12674 | D:5      | Bought a +4 ring of slaying for 432 gold pieces
 12880 | Lair:2   | Gained mutation: You are sensitive to extremes of
                  | temperature. (rF-, rC-) [Ru sacrifice]
 12880 | Lair:2   | Reached ***** piety under Ru
 12880 | Lair:2   | Reached ****** piety under Ru
 13330 | D:11     | Noticed Maurice
 13414 | D:11     | Reached skill level 10 in Long Blades
 13767 | Lair:2   | Noticed a skyshark
 13832 | Lair:2   | Killed a skyshark
 13937 | Lair:2   | Learned a level 3 spell: Fugue of the Fallen
 14198 | Lair:3   | Reached skill level 1 in Shields
 14258 | Lair:3   | Found a staircase to the Shoals.
 14430 | Lair:3   | Got the Lectures on Decalescent Unhallowed Words
 14522 | Lair:3   | Found a burning altar of Makhleb.
 14600 | Lair:3   | Found a staircase to the Snake Pit.
 14713 | Lair:3   | Reached XP level 13. HP: 88/98 MP: 15/15
 15710 | Lair:4   | Found a staircase to the Slime Pits.
 16284 | Lair:5   | Entered Level 5 of the Lair of Beasts
 17048 | Lair:4   | Reached skill level 5 in Translocations
 17183 | Lair:4   | Reached XP level 14. HP: 92/105 MP: 16/16
 18109 | Lair:5   | Identified the maw talisman of Untold Secrets {rElec rPois
                  | Str-2 Dex+5}
 18115 | Lair:5   | Identified the +2 morningstar "Uhusch" {elec, rN+}
 18164 | Lair:5   | Reached skill level 1 in Shapeshifting
 18182 | Lair:5   | Reached skill level 2 in Shapeshifting
 18861 | D:11     | Noticed Erica
 18882 | D:10     | Reached skill level 3 in Shapeshifting
 18974 | D:11     | Noticed Harold
 18991 | D:11     | Killed Harold
 19056 | D:11     | Killed Maurice
 19057 | D:11     | Reached skill level 4 in Shapeshifting
 19063 | D:11     | Killed Erica
 19579 | D:11     | Found a staircase to the Orcish Mines.
 19703 | Orc:1    | Entered Level 1 of the Orcish Mines
 19720 | D:11     | Reached skill level 5 in Shapeshifting
 20010 | Orc:2    | Entered Level 2 of the Orcish Mines
 20105 | Orc:1    | Reached skill level 15 in Dodging
 20158 | Orc:2    | Learned a level 4 spell: Maxwell's Portable Piledriver
 20163 | Orc:2    | Learned a level 4 spell: Vhi's Electric Charge
 20256 | Orc:2    | Noticed an orc warlord
 20268 | Orc:2    | Killed an orc warlord
 20269 | Orc:2    | Reached skill level 6 in Shapeshifting
 20711 | Orc:2    | Found a staircase to the Elven Halls.
 21208 | Orc:2    | Reached XP level 15. HP: 102/102 MP: 17/17
 21241 | Orc:2    | Reached skill level 7 in Shapeshifting
 21366 | Orc:2    | Found Fawk's Jewellery Shoppe.
 21366 | Orc:2    | Found Cofet's General Store.
 21366 | Orc:2    | Found Puffa's Book Shop.
 21369 | Orc:2    | Found Bysigox's Assorted Antiques.
 21374 | Orc:2    | Bought a scroll of poison for 64 gold pieces
 21374 | Orc:2    | Bought a scroll of immolation for 64 gold pieces
 21381 | Orc:2    | Bought a scroll labelled XIJOZXE POELEI for 34 gold pieces
 21381 | Orc:2    | Bought a gilded ring for 170 gold pieces
 21818 | D:5      | Bought an ichor-stained ring mail for 288 gold pieces
 21818 | D:5      | Identified the +3 ring mail of Ehitiusch {Will++} (You
                  | bought it in a shop on level 5 of the Dungeon)
 21828 | D:5      | Bought a dazzling leather armour for 224 gold pieces
 21828 | D:5      | Identified the +3 leather armour of the Devil's Advocate
                  | {Str+3 Int+2 Stlth+} (You bought it in a shop on level 5 of
                  | the Dungeon)
 22002 | D:12     | Found Rissoad's Book Shop.
 22018 | D:12     | Reached skill level 10 in Fighting
 22202 | D:12     | Reached skill level 8 in Shapeshifting
 22480 | D:12     | Noticed a frost giant
 22489 | D:12     | Killed a frost giant
 22507 | D:12     | Identified the ring "Pefuxaxa" {rF+ rCorr Str+3 Dex-3 SInv}
 22775 | D:13     | Reached skill level 9 in Shapeshifting
 23367 | D:13     | Found Uraehuis's Mail-Order Catalogue.
 23966 | D:13     | Reached skill level 10 in Shapeshifting
 23975 | D:14     | Reached skill level 5 in Evocations
 24158 | D:14     | Noticed Roxanne
 24227 | D:14     | Identified 2 scrolls of acquirement
 24243 | D:14     | Acquired 400 gold pieces
 24245 | D:14     | Acquired 883 gold pieces
 24568 | D:14     | Found a gate to the Vaults.
 24936 | D:14     | Found a white marble altar of Elyvilon.
 25010 | D:15     | Entered Level 15 of the Dungeon
 25177 | D:15     | Reached skill level 11 in Shapeshifting
 25422 | D:15     | Reached skill level 12 in Shapeshifting
 25666 | D:15     | Reached XP level 16. HP: 111/119 MP: 18/18
 25709 | D:15     | Found a staircase to the Depths.
 26171 | Orc:2    | Bought a scroll of identify for 68 gold pieces
 26171 | Orc:2    | Bought a scroll of blinking for 255 gold pieces
 26177 | Orc:2    | Bought the amulet "Cuahed" {Fly rC+ Regen+} for 691 gold
                  | pieces
 26348 | D:5      | Bought the ring "Echetiu" {^Drain +Blink MP+9 Str+6 Slay+5}
                  | for 1011 gold pieces
 26619 | D:14     | Killed Roxanne
 26852 | Shoals:1 | Entered Level 1 of the Shoals
 26867 | Shoals:1 | Reached skill level 13 in Shapeshifting
 27311 | Shoals:1 | Reached skill level 14 in Shapeshifting
 28156 | Shoals:2 | Reached skill level 15 in Shapeshifting
 28259 | Snake:1  | Entered Level 1 of the Snake Pit
 28318 | Snake:1  | Reached skill level 1 in Necromancy
 28391 | Snake:1  | Found a glowing silver altar of Zin.
 28391 | Snake:1  | Noticed Rupert
 28403 | Snake:1  | Killed Rupert
 28813 | Snake:2  | Noticed Vashnia
 28828 | Snake:1  | Killed Vashnia
 28829 | Snake:1  | Reached skill level 16 in Shapeshifting
 29236 | Snake:2  | Noticed a nagaraja
 29244 | Snake:2  | Killed a nagaraja
 29245 | Snake:2  | Reached XP level 17. HP: 128/128 MP: 19/19
 29356 | Snake:2  | Reached skill level 5 in Necromancy
 30210 | Snake:3  | Reached skill level 5 in Shields
 30368 | Snake:3  | Got the Book of Blinking Glaciation
 30966 | Snake:4  | Entered Level 4 of the Snake Pit
 32014 | Snake:4  | Reached XP level 18. HP: 140/140 MP: 20/20
 32151 | Snake:4  | Found an iron altar of Okawaru.
 32182 | Snake:4  | Got a serpentine rune of Zot
 32248 | Snake:3  | Identified the serpent talisman "Umawukim" {rElec rCorr
                  | Str+3}
 32248 | Snake:3  | Noticed Aizul
 32259 | Snake:3  | Killed Aizul
 33534 | Shoals:3 | Reached skill level 10 in Evocations
 33864 | Shoals:3 | Noticed Ilsuiw
 33880 | Shoals:3 | Killed Ilsuiw
 34077 | Shoals:4 | Entered Level 4 of the Shoals
 34330 | Shoals:4 | Reached XP level 19. HP: 150/150 MP: 21/21
 34373 | Shoals:4 | Reached skill level 10 in Shields
 34693 | Shoals:4 | Identified the staff of Infinite Pain {rPois Fire Alchemy}
 34751 | Shoals:4 | Got a barnacled rune of Zot
 34758 | Shoals:4 | Learned a level 5 spell: Irradiate
 35390 | Elf:1    | Entered Level 1 of the Elven Halls
 35661 | Elf:1    | Found a glacial archway.
 35661 | Elf:1    | Noticed Louise
 35672 | Elf:1    | Killed Louise
 35683 | IceCv    | Entered an ice cave
 35837 | IceCv    | Identified the +4 chain mail of the Poles {Int+3}
 36237 | IceCv    | Identified the +6 hand axe "Ziytiene" {flame, rC+ Dex+4}
 36588 | Elf:1    | Paralysed by an air elemental for 1 turns
 36592 | Elf:1    | Paralysed by an air elemental for 1 turns
 37573 | Elf:1    | Identified the ring "Fiwe" {rElec Will+ EV+5 Dex-3 Slay+3}
 37749 | Elf:2    | Found a runed translucent gate.
 37749 | Elf:2    | Found a runed translucent gate.
 37749 | Elf:2    | Found a runed translucent gate.
 38212 | Elf:2    | Reached XP level 20. HP: 104/149 MP: 22/22
 38293 | Elf:2    | Reached skill level 15 in Shields
 38645 | Elf:3    | Entered Level 3 of the Elven Halls
 38851 | Elf:3    | Noticed Saint Roka
 38861 | Elf:3    | Killed Saint Roka
 38975 | Elf:3    | Paralysed by an air elemental for 1 turns
 39598 | Elf:3    | Identified the +10 long sword "Osy Jir" {drain, rPois}
 39598 | Elf:3    | Identified the +6 ring mail of Feral Mirth {rN+ Regen+}
 39598 | Elf:3    | Identified the ring "Mannis" {rElec rF+ Will+ AC+4 Str-3}
 39639 | Elf:3    | Identified the +3 leather armour of Greater Demons {Int+3
                  | SInv}
 39639 | Elf:3    | Identified the ring "Jeehab" {rN+ Dex+6}
 39686 | Elf:3    | Identified the +6 falchion of Porroeh {holy, rElec rPois
                  | MP+9}
 39799 | Elf:3    | Found the +2 hat of the Bear Spirit {Spirit, Bear, *Rage
                  | Will++}
 39849 | Elf:3    | Identified the ring of Beki {rCorr Dex+2}
 40124 | Vaults:1 | Entered Level 1 of the Vaults
 40685 | Vaults:1 | Reached XP level 21. HP: 130/130 MP: 23/23
 40686 | Vaults:1 | Reached skill level 17 in Shapeshifting
 40687 | Vaults:1 | Reached skill level 15 in Fighting
 41044 | Vaults:1 | Identified the +4 robe "Hiecs" {-Cast rPois SInv}
 41044 | Vaults:1 | Noticed Boris
 41059 | Vaults:1 | Killed Boris
 41298 | Vaults:1 | Found Isafitzufoa's Jewellery Shoppe.
 41303 | Vaults:1 | Bought the amulet of Vitality {Regen++ RegenMP++} for 1500
                  | gold pieces
 41303 | Vaults:1 | Found the amulet of Vitality {Regen++ RegenMP++}
 42133 | Vaults:2 | Found Atukkin's Weapon Emporium.
 42248 | Vaults:2 | Found a staircase to the Crypt.
 42390 | Vaults:2 | Found Riuback's General Store.
 42603 | Vaults:2 | Noticed Mennas
 42620 | Vaults:2 | Killed Mennas
 42934 | Vaults:2 | Identified the +2 leather armour "Impomp" {rF+ rN++ Will+}
 43423 | Vaults:2 | Identified the +4 hand axe "Laleggara" {heavy, rPois rC-
                  | rN+++ MP-9}
 43599 | Vaults:2 | Found Nirounk's Magic Scroll Shoppe.
 43605 | Vaults:2 | Bought a scroll of teleportation for 51 gold pieces
 43605 | Vaults:2 | Bought a scroll of teleportation for 51 gold pieces
 43615 | Vaults:2 | Found Rabloroe's Antique Weapon Boutique.
 44318 | Vaults:3 | You fall into a shaft and drop 1 floor!
 44885 | Vaults:4 | Noticed Norris
 44896 | Vaults:4 | Killed Norris
 44911 | Vaults:4 | Reached XP level 22. HP: 158/158 MP: 24/24
 45552 | Vaults:4 | Found Wotaetott's General Store.
 45725 | Vaults:3 | Identified the +4 robe of the Gusle {rN+ Int+5}
 45725 | Vaults:3 | Noticed Boris
 45746 | Vaults:3 | Killed Boris
 46734 | Depths:1 | Entered Level 1 of the Depths
 46809 | Depths:1 | Found a glowing golden altar of the Shining One.
 46900 | Depths:1 | Found an opulent altar of Gozag.
 47024 | Depths:1 | Found a gateway to Hell.
 47055 | Abyss:3  | Cast into level 3 of the Abyss (hell knight)
 47072 | Depths:1 | Escaped the Abyss
 47665 | Depths:2 | Reached skill level 18 in Shapeshifting
 47665 | Depths:2 | Identified the ring of Yredelemnul's Outrage {Ice +Blink
                  | Str+4 Dex+4 Stlth+}
 47665 | Depths:2 | Noticed Josephina
 47716 | Depths:2 | HP: 8/210 [nargun (25)]
 47780 | Depths:2 | Killed Josephina
 48065 | Depths:2 | Found a one-way gate leading to the halls of Pandemonium.
 48184 | Depths:2 | Reached XP level 23. HP: 157/157 MP: 25/25
 48245 | Depths:2 | Found a one-way gateway to a ziggurat.
 48245 | Depths:2 | Noticed Mara
 48252 | Depths:2 | Noticed ragingrage's illusion
 48271 | Depths:2 | Killed Mara
 48362 | Depths:2 | Found a one-way gate to the infinite horrors of the Abyss.
 48994 | Depths:3 | Noticed a golden dragon
 49006 | Depths:3 | Killed a golden dragon
 49053 | Depths:3 | Noticed a golden dragon
 49062 | Depths:3 | Killed a golden dragon
 49661 | Depths:3 | Identified the +4 orcbow of Xom's Supremacy {heavy, rN++}
 49973 | Depths:4 | Entered Level 4 of the Depths
 50071 | Depths:4 | Found a gate to the Realm of Zot.
 50116 | Depths:4 | Reached skill level 19 in Shapeshifting
 50481 | Depths:4 | Noticed a caustic shrike
 50482 | Depths:4 | Noticed a caustic shrike
 50488 | Depths:4 | Noticed a caustic shrike
 50489 | Depths:4 | Killed a caustic shrike
 50493 | Depths:4 | Killed a caustic shrike
 50493 | Depths:4 | Noticed a caustic shrike
 50493 | Depths:4 | Noticed a caustic shrike
 50498 | Depths:4 | Killed a caustic shrike
 50499 | Depths:4 | Killed a caustic shrike
 50501 | Depths:4 | Killed a caustic shrike
 51107 | Vaults:5 | Entered Level 5 of the Vaults
 51133 | Vaults:5 | Reached skill level 20 in Shapeshifting
 51133 | Vaults:5 | Reached XP level 24. HP: 180/202 MP: 23/25
 51413 | Crypt:1  | Entered Level 1 of the Crypt
 51425 | Crypt:1  | Reached skill level 21 in Shapeshifting
 51634 | Vaults:5 | Noticed Margery
 51644 | Vaults:5 | Killed Margery
 51655 | Vaults:4 | Reached skill level 22 in Shapeshifting
 51781 | Vaults:5 | Noticed a dread lich
 51827 | Vaults:5 | Killed a dread lich
 52004 | Vaults:5 | Noticed a dread lich
 52020 | Vaults:5 | Killed a dread lich
 52021 | Vaults:5 | Reached skill level 23 in Shapeshifting
 52055 | Vaults:5 | Identified the +0 robe of Action {Dex+3}
 52119 | Vaults:5 | Identified the +6 glaive of Josenafo {antimagic, rCorr}
 52183 | Vaults:5 | Got the Volume of Exhumation and the Cwm
 52241 | Vaults:5 | Identified the +3 leather armour of Jurecu {+Inv rC+ Regen+
                  | Stlth-}
 52270 | Vaults:5 | Identified the staff of Gozag's Regard {rC+ Will+ Ice}
 52274 | Vaults:5 | Reached XP level 25. HP: 210/210 MP: 25/25
 52278 | Vaults:5 | Identified the +6 quick blade of Domination {freeze, rCorr
                  | Dex+4}
 52397 | Vaults:5 | Identified the staff of Wisdom {rPois Str+3 Alchemy}
 52399 | Vaults:5 | Got a silver rune of Zot
 52507 | Vaults:5 | Found the +3 giant club "Skullcrusher" {speed, Str+7}
 52827 | Vaults:5 | Identified the staff "Tofohiof" {rElec Dex+3 Air}
 53206 | Zot:1    | Entered Level 1 of the Realm of Zot
 53382 | Zot:1    | Reached skill level 24 in Shapeshifting
 53634 | Zot:1    | Noticed an orb of fire
 53638 | Zot:1    | Gained mutation: Your body sometimes deteriorates upon
                  | taking damage. [an orb of fire]
 53639 | Zot:1    | Gained mutation: You are dopey. (Int -2) [an orb of fire]
 53642 | Zot:1    | Gained mutation: You are strong-willed. (Will+) [an orb of
                  | fire]
 53647 | Zot:1    | Killed an orb of fire
 53962 | Zot:1    | Identified the +3 glaive of Orasoa {venom, rF+ rC+ Int-4
                  | Dex+5}
 55219 | Zot:2    | Reached skill level 25 in Shapeshifting
 56108 | Zot:3    | Reached skill level 26 in Shapeshifting
 56171 | Zot:3    | Identified the +0 pair of gloves of Kikubaaqudgha, Smoking
                  | {Int+7}
 57989 | Zot:5    | Entered Level 5 of the Realm of Zot
 58012 | Zot:5    | Reached XP level 26. HP: 218/218 MP: 25/25
 58054 | Zot:5    | Reached skill level 27 in Shapeshifting
 58184 | Zot:5    | Reached skill level 5 in Stealth
 58549 | Zot:5    | Noticed a dread lich
 58604 | Zot:5    | Noticed an orb of fire
 58611 | Zot:5    | Noticed a Killer Klown
 58621 | Zot:5    | Killed a Killer Klown
 58908 | Zot:5    | Noticed a dread lich
 58933 | Zot:5    | Killed a dread lich
 58970 | Zot:5    | Noticed an orb of fire
 58971 | Zot:5    | Noticed a dread lich
 58973 | Zot:5    | Killed an orb of fire
 58975 | Zot:5    | Noticed an orb of fire
 58979 | Zot:5    | Killed a dread lich
 58983 | Zot:5    | Noticed a Killer Klown
 58999 | Zot:5    | Killed a Killer Klown
 59240 | Zot:5    | Gained mutation: You occasionally lose the ability to read
                  | scrolls when taking damage. [an orb of fire]
 59243 | Zot:5    | Killed an orb of fire
 59262 | Zot:5    | Lost mutation: You are dopey. (Int -2) [potion of mutation]
 59262 | Zot:5    | Lost mutation: You are strong-willed. (Will+) [potion of
                  | mutation]
 59262 | Zot:5    | Gained mutation: You are partially covered in iridescent
                  | scales. (AC +2) [potion of mutation]
 59262 | Zot:5    | Gained mutation: You passively dampen the noise of your
                  | surroundings. [potion of mutation]
 59262 | Zot:5    | Gained mutation: You passively map a small area around you.
                  | [potion of mutation]
 59263 | Zot:5    | Lost mutation: Your body sometimes deteriorates upon taking
                  | damage. [potion of mutation]
 59263 | Zot:5    | Lost mutation: You passively dampen the noise of your
                  | surroundings. [potion of mutation]
 59263 | Zot:5    | Lost mutation: You passively map a small area around you.
                  | [potion of mutation]
 59263 | Zot:5    | Gained mutation: You are agile. (Dex +4, Str/Int -1)
                  | [potion of mutation]
 59263 | Zot:5    | Gained mutation: A frigid envelope surrounds you and
                  | freezes all who hurt you. [potion of mutation]
 59263 | Zot:5    | Gained mutation: You are very agile. (Dex +8, Str/Int -2)
                  | [potion of mutation]
 59264 | Zot:5    | Lost mutation: You are very agile. (Dex +8, Str/Int -2)
                  | [potion of mutation]
 59264 | Zot:5    | Lost mutation: You are agile. (Dex +4, Str/Int -1) [potion
                  | of mutation]
 59264 | Zot:5    | Gained mutation: Your mind is acute. (Int +4, Str/Dex -1)
                  | [potion of mutation]
 59264 | Zot:5    | Gained mutation: You have supernaturally acute eyesight.
                  | (SInv) [potion of mutation]
 59265 | Zot:5    | Lost mutation: You have supernaturally acute eyesight.
                  | (SInv) [potion of mutation]
 59265 | Zot:5    | Lost mutation: You occasionally lose the ability to read
                  | scrolls when taking damage. [potion of mutation]
 59265 | Zot:5    | Gained mutation: Your magical capacity is low. (-10% MP)
                  | [potion of mutation]
 59331 | Zot:5    | Noticed an ancient lich
 59331 | Zot:5    | Noticed a Killer Klown
 59346 | Zot:5    | Killed a Killer Klown
 59404 | Zot:5    | Killed an ancient lich
 59410 | Zot:5    | Noticed an orb of fire
 59424 | Zot:5    | Killed an orb of fire
 59815 | Zot:5    | Killed a dread lich
 60031 | Zot:5    | Noticed a dread lich
 60040 | Zot:5    | Noticed an orb of fire
 60043 | Zot:5    | Noticed an orb of fire
 60044 | Zot:5    | Noticed an orb of fire
 60045 | Zot:5    | Noticed an orb of fire
 60048 | Zot:5    | Got the Orb of Zot
 60071 | Zot:4    | Gained mutation: You are weak. (Str -2) [a cacodemon]
 60102 | Zot:4    | Gained mutation: You sometimes lose your temper in combat.
                  | [a cacodemon]
 60308 | Depths:2 | Noticed Liewk the pandemonium lord
 60764 | D:$      | Escaped with the Orb!

Illustrated notes

Levels and vault maps discovered:
D:1:      kennysheep_arrival_forest, layout_basic,
          minmay_misc_feat_four_crosses, kennysheep_nondescript,
          minmay_misc_feat_chi
D:2:      layout_basic, st_stairs_8
D:3:      layout_rooms, st_stairs_2, grunt_ministairs_3, minivault_14,
          ebering_dispersal_statue_hall
D:4:      layout_loops_cross, kennysheep_mini_moat, uniq_crazy_yiuf_cottage,
          uniq_blork_the_orc, uniq_ijyb, uniq_grinder
D:5:      layout_basic, nicolae_uskayaw_murder_on_the_dancefloor, serial_shops,
          nicolae_lakefront_shop, shop, nicolae_shop_back_alley_shop,
          nicolae_shop_behind_doors, shop, minmay_misc_feat_roman, uniq_duvessa
D:6:      layout_basic, minmay_ogre_servants, uniq_pikel
D:7:      layout_cave_pods, minmay_temple_entry_stoned_glass,
          lightli_orcish_oven, uniq_jeremiah
D:8:      layout_rooms, hellmonk_lair_entry_icy, uniq_psyche
D:9:      layout_gridville
D:10:     layout_roguey, nicolae_qazlal_scattered_showers
D:11:     minmay_chambers_of_sixes, layout_basic, orc_0_dummy, st_stairs_6,
          uniq_maurice, uniq_harold, uniq_erica
D:12:     minmay_the_grid_four_pointed_star_mashed
          [minmay_the_grid_triangle_9x9_thin_v,
          minmay_the_grid_triangle_9x9_warning,
          minmay_the_grid_triangle_9x9_cache,
          minmay_the_grid_triangle_9x9_swiss_cheese,
          minmay_the_grid_prize_diamond_cup], layout_loops_cross, serial_shops,
          nicolae_shop_crystal
D:13:     layout_stronghold, drop_trap, monkooky_shop_mail_order
D:14:     layout_stronghold, david_vaults_4, serial_bayou_ford_a,
          elyvilon_altar_3, uniq_roxanne
D:15:     gammafunk_depths_entry_grave, layout_rooms, minmay_fountain_box,
          minmay_statue_bubble
Lair:1:   layout_chaotic_city, minivault_19, chequers_serial_rivers_large_b,
          patterned_corridor
Lair:2:   layout_layer_cave, grunt_megastairs_3
Lair:3:   layout_regular_city, minmay_shoals_entry_beasts,
          guppyfry_snake_entry_island, basic_altar
Lair:4:   layout_regular_city, dpeg_slime_entry_enclosed
Lair:5:   hangedman_lair_caniforms_friends, layout_gridlike,
          minmay_lair_oklob_items
Shoals:1: layout_shoals, dpeg_stationary_puzzle
Shoals:2: nicolae_shoals_deep_elves_summer_vacation, layout_shoals,
          nicolae_shoals_undead_eyrie
Shoals:3: layout_shoals, ldierk_geyser, nicolae_shoals_former_cling_halls,
          uniq_ilsuiw
Shoals:4: shoals_end_simple, layout_shoals, shoal_ilsuiw,
          nicolae_shoals_bring_sunscreen
Snake:1:  layout_concentric_octagons, basic_altar, uniq_rupert
Snake:2:  layout_layer_cave, basic_altar, guppyfry_library_mini,
          serial_bayou_shore_a, uniq_vashnia
Snake:3:  layout_misc_corridors, beargit_elvish_explorers, grunt_megastairs_4,
          uniq_aizul
Snake:4:  grunt_snake_rune_serpentine_throne, layout_onion_interference
Orc:1:    layout_caves
Orc:2:    st_orc_rangers, layout_diamond_mine, nicolae_orc_crystal_geode
Elf:1:    elf_arrival_002, layout_loops_cross, serial_co_window_serial,
          co_window_paths_a, co_window_paths_b, co_window_paths_b,
          co_window_paths_a, co_window_paths_a, co_window_paths_a,
          co_window_of_opportunity_a, co_window_2corner, co_window_broadway_c,
          co_window_paths_c, co_window_of_opportunity_c, co_window_sun,
          glass_columns_b, portal_ice_cave_entry_horrid_things,
          hangedman_elf_disciples, minivault_15, uniq_louise
Elf:2:    nicolae_elf_blades_splatter_lattice
          [nicolae_blade_entry_hurt_lockers], layout_loops_cross
Elf:3:    minmay_elf_hall_x, layout_geoelf_grid, serial_library_hellmonk_room_a,
          uniq_saint_roka
Vaults:1: nicolae_vaults_stepped_doors, nicolae_vaults_twisting_passages,
          nicolae_vaults_closet_pinwheel_6, nicolae_vaults_mitosis,
          nicolae_vaults_house_1, nicolae_vaults_trapezoid_3, v_misc_12,
          st_squares, v_misc_28, nicolae_vaults_specimen_jars, v_misc_15,
          nicolae_vaults_house_1, layout_vaults_omnicross, serial_shops,
          nicolae_shop_hallway_plus, uniq_boris
Vaults:2: nicolae_vaults_closet_pinwheel_5, minmay_crypt_entry_simple_walls,
          gargoyle_guard, nicolae_vaults_little_squares_4,
          nicolae_vaults_asterisk, hangedman_vaults_impose,
          nicolae_vaults_shelves_hall, layout_vaults_quadrants, serial_shops,
          shop, nicolae_shop_statue_plus, nicolae_shop_tiny_glass, shop,
          uniq_mennas
Vaults:3: nicolae_vaults_theta, nicolae_vaults_closet_pinwheel_4,
          nicolae_vaults_tetromino_T_2, ontoclasm_vaults_bender,
          nicolae_vaults_little_squares_1, vaults_dpeg_cross,
          nicolae_vaults_hexular_roomagon, nicolae_vaults_six-pack,
          v_alt_pattern_4, v_alt_pattern_1, nicolae_vaults_trapezoid_4,
          nicolae_vaults_surprise_closet, ontoclasm_vaults_ligature,
          layout_vaults_ring
Vaults:4: nicolae_vaults_statue_guard, nicolae_vaults_trapezoid_2,
          vaults_room_door_hall, v_misc_27, nicolae_vaults_disjoint_gnomons,
          grunt_vaults_funnel, hangedman_vaults_maws, vaults_dpeg_doors,
          nicolae_vaults_surprise_closet, v_misc_8, nicolae_vaults_house_2,
          nicolae_vaults_lightning_bolt, vaults_dpeg_ring,
          layout_vaults_maze_bifur, serial_shops, nicolae_lakefront_shop,
          uniq_norris
Vaults:5: uniq_margery
Crypt:1:  layout_misc_corridors
Depths:1: layout_forbidden_donut, hell_entry, nicolae_tso_carved_into_rock,
          serial_library, serial_library_hellmonk_big_corner,
          serial_library_regret_index_branch_corner,
          serial_library_hellmonk_small_corner,
          serial_library_hellmonk_metal_room, serial_library_hellmonk_hallway_b,
          grunt_gozag_statues
Depths:2: dreamdust_isle_of_ice, layout_basic, enter_ziggurat_d, hell_entry,
          hangedman_decor_growths, nicolae_abyss_entry_one_way_or_another,
          rand_demon_pan_entry_8, uniq_mara, uniq_josephina
Depths:3: nicolae_cairo_tiling_very_big, layout_gridlike, hellmouth_1,
          abyss_entry, yredelemnul_forgotten_temple_becter,
          minmay_staircase_statues
Depths:4: grunt_crosshair, layout_twisted_cross, hell_entry,
          serial_library_hellmonk_h_bend
Zot:1:    layout_gridville, regret_index_zotdec_split_disrupt
Zot:2:    layout_onion_interference
Zot:3:    layout_gridlike
Zot:4:    layout_concentric_octagons, skrybe_zot_glass_3,
          amethyst_zot_foddershock
Zot:5:    layout_twisted_circle, drop_trap

Skill      XL: |  1  2  3  4  5  6  7  8  9 10 11 12 13 14 15 16 17 18 19 20 21 22 23 24 25 26 |
---------------+-------------------------------------------------------------------------------+-----
Stealth        | 1 2 3 2 4 9 |  9.8
Long Blades    | 3 4 5 6 7 8 7 12 14 | 14.0
Dodging        | 3 4 5 6 5 10 13 15 16 19 20 21 | 21.0
Fighting       | 3 4 6 7 8 9 10 12 14 15 16 19 20 | 20.9
Evocations     | 1 2 1 3 4 5 8 10 13 14 | 14.0
Maces & Flails | 2 |  2.2
Throwing       | 3 4 |  4.0
Spellcasting   | 1 |  1.7
Polearms       | 7 12 13 | 13.0
Translocations | 4 5 |  5.0
Shields        | 4 6 9 14 16 17 | 17.8
Shapeshifting  | 6 12 16 17 18 20 23 26 27 | 27.0
Necromancy     | 4 5 6 |  6.0

Action                     |  1- 3 |  4- 6 |  7- 9 | 10-12 | 13-15 | 16-18 | 19-21 | 22-24 | 25-27 || total
---------------------------+-------+-------+-------+-------+-------+-------+-------+-------+-------++-------
  Melee: Falchion          |   126 |   136 |       |       |       |       |       |       |       ||   262
         Whip              |       |    11 |   221 |       |       |       |       |       |       ||   232
         Unarmed           |       |     4 |       |       |       |       |       |       |       ||     4
         Trident           |       |       |    48 |  1044 |   816 |       |       |       |       ||  1908
         Tailslap          |       |       |       |     2 |     7 |       |     2 |     1 |       ||    12
         Scimitar          |       |       |       |       |   672 |  1110 |   591 |       |       ||  2373
         Maw               |       |       |       |       |    11 |       |       |       |       ||    11
         Long sword        |       |       |       |       |       |       |   669 |   326 |       ||   995
         Demon blade       |       |       |       |       |       |       |       |   897 |   887 ||  1784
   Fire: Shortbow          |     9 |     3 |       |       |       |       |       |       |       ||    12
  Throw: Javelin           |     6 |     9 |     6 |     1 |       |       |     5 |       |       ||    27
         Dart              |     2 |    10 |    51 |    33 |    41 |     5 |       |       |       ||   142
         Throwing net      |       |       |       |     1 |       |       |       |       |       ||     1
   Cast: Fugue of the Fall |       |       |       |       |       |    10 |     2 |     6 |       ||    18
         Blink             |       |       |       |       |       |       |     1 |       |       ||     1
 Invoke: Sacrifice Skill   |       |       |     1 |       |       |       |       |       |       ||     1
         Sacrifice Love    |       |       |       |     1 |       |       |       |       |       ||     1
         Sacrifice Durabil |       |       |       |     1 |       |       |       |       |       ||     1
         Sacrifice Resista |       |       |       |     1 |       |       |       |       |       ||     1
         Apocalypse        |       |       |       |       |    11 |     9 |    12 |    14 |     5 ||    51
  Evoke: Wand              |       |       |     5 |     5 |       |     4 |    11 |     3 |     2 ||    30
         Condenser vane    |       |       |       |       |       |       |     1 |       |       ||     1
         Lightning rod     |       |       |       |       |       |       |     4 |       |       ||     4
    Use: Potion            |     1 |     4 |       |       |       |       |     1 |     5 |     4 ||    15
         Scroll            |       |       |       |       |    17 |    14 |     4 |    13 |     8 ||    56
   Stab: Sleeping          |     1 |     1 |     1 |     9 |     4 |    10 |    14 |     3 |     3 ||    46
         Distracted        |       |       |       |     4 |     3 |    17 |    11 |     7 |     8 ||    50
         Invisible         |       |       |       |     4 |     3 |     6 |     4 |    10 |     2 ||    29
         Held in net/web   |       |       |       |     1 |       |       |       |       |       ||     1
         Paralysed         |       |       |       |       |    28 |     9 |    20 |    19 |     3 ||    79
         Petrified         |       |       |       |       |     4 |       |       |       |       ||     4
         Petrifying        |       |       |       |       |     1 |       |       |       |       ||     1
 Armour: Leather armour    |    43 |       |       |   252 |   413 |    15 |       |       |       ||   723
         Ring mail         |    44 |    89 |   199 |   117 |   151 |    78 |       |       |       ||   678
         Skin              |       |     2 |       |       |     5 |   575 |   598 |   694 |   466 ||  2340
  Dodge: Dodged            |    81 |    80 |   172 |   453 |   925 |  1036 |   866 |  1133 |   625 ||  5371
  Block: Buckler           |       |       |       |    26 |   303 |   290 |       |       |       ||   619
         Kite shield       |       |       |       |       |       |   416 |  1218 |  1279 |   813 ||  3726
         Form:             |       |       |       |       |     4 |       |       |       |       ||     4
         Maw               |       |       |       |       |     4 |       |       |       |       ||     4
         Statue            |       |       |       |       |       |     1 |       |       |       ||     1

Table legend: (Time is in decaauts)
 A = Elapsed time spent in this place.
 B = Non-inter-level travel time spent in this place.
 C = Inter-level travel time spent in this place.
 D = Time resting spent in this place.
 E = Time spent auto-exploring this place.
 F = Levels seen in this place.
 G = Mean time per level.
                   A        B        C        D        E       F      G
               +--------+--------+--------+--------+--------+-----+--------+
         Total |  73837 |  66465 |   7372 |  11226 |  38384 |  50 | 1476.7 |
       Dungeon |  18995 |  15709 |   3286 |   2400 |   9009 |  15 | 1266.3 |
          Lair |   6512 |   5775 |    737 |    365 |   3896 |   5 | 1302.4 |
        Shoals |   4489 |   4256 |    233 |    286 |   2546 |   4 | 1122.2 |
     Snake Pit |   5900 |   5549 |    351 |    577 |   3482 |   4 | 1475.0 |
  Orcish Mines |   2044 |   1706 |    338 |    283 |    874 |   2 | 1022.0 |
   Elven Halls |   5801 |   5446 |    355 |    328 |   3556 |   3 | 1933.7 |
        Vaults |  12571 |  11222 |   1349 |   2775 |   6124 |   5 | 2514.2 |
         Crypt |     54 |     52 |      2 |      7 |      0 |   1 |   54.0 |
        Depths |   6171 |   5718 |    453 |   1227 |   3040 |   4 | 1542.8 |
           Zot |  10332 |  10067 |    265 |   2921 |   5268 |   5 | 2066.4 |
         Abyss |     31 |     31 |      0 |      0 |      0 |   1 |   31.0 |
      Ice Cave |    932 |    932 |      0 |     54 |    586 |   1 |  932.0 |
               +--------+--------+--------+--------+--------+-----+--------+

Top non-repeatable levels by time:
Vaults:2: 3878 daAuts
   Zot:5: 2982 daAuts
Vaults:4: 2576 daAuts
   Elf:1: 2378 daAuts
Vaults:1: 2287 daAuts
   Zot:4: 2110 daAuts
Vaults:3: 2078 daAuts
 Snake:2: 1941 daAuts
   Elf:3: 1924 daAuts
Depths:2: 1913 daAuts
   Zot:2: 1821 daAuts
   Zot:1: 1755 daAuts
Vaults:5: 1750 daAuts
  Lair:5: 1694 daAuts
    D:14: 1685 daAuts
